 Dungeon Sprint DCSS version 0.29-a0-817-g9904bce7a6 (webtiles) character file.

Game seed: 2630500305868870351

1341 wilfster70 the Cleaver (level 8, -3/118 HPs)
             Began as a Hill Orc Fighter on July 5, 2022.
             Was a Believer of Qazlal.
             Killed from afar by an air elemental (8 damage)
             ... with a stunning burst
             ... in the Dungeon (Sprint V: "Ziggurat Sprint").
             The game lasted 00:03:03 (381 turns).

wilfster70 the Cleaver (Hill Orc Fighter)            Turns: 381, Time: 00:03:03

Health: -3/118     AC: 21    Str: 27    XL:     8   Next: 62%
Magic:  14/14      EV:  0    Int:  8    God:    Qazlal [**....]
Gold:   0          SH: 31    Dex: 10    Spells: 7/7 levels left

rFire   + . .      SeeInvis .   a - +5 broad axe
rCold   + . .      Faith    .   c - +18 shield of the Gong {rElec rN+ Will+ EV-5}
rNeg    + . .      Spirit   .   k - +5 gold dragon scales
rPois   +          Reflect  .   (no helmet)
rElec   +          Harm     .   (no cloak)
rCorr   .          Rampage  .   (no gloves)
Will    +....      NoTele   +   (no boots)
Stlth   ..........              (no amulet)
HPRegen 0.29/turn               x - +6 ring of strength
MPRegen 0.14/turn               (no ring)

@: berserking, very quick
A: no striking features
a: Renounce Religion, Upheaval


You were in the Dungeon.
You worshipped Qazlal.
Qazlal was pleased with you.
You visited 1 branch

Inventory:

Hand Weapons
 a - a +5 broad axe (weapon)
Armour
 c - the +18 shield of the Gong (worn) {rElec rN+ Will+ EV-5}
   (You found it in the Dungeon)

   It is deafeningly noisy when blocking attacks.
   EV:        It affects your evasion (-5).
   rElec:     It insulates you from electricity.
   rN:        It protects you from negative energy.
   Will:      It increases your willpower.
 k - +5 gold dragon scales (worn)
Jewellery
 t - a +6 ring of dexterity
 x - a +6 ring of strength (left hand)
Wands
 z - a wand of mindburst (7)
 A - a wand of iceblast (5)
 B - a wand of quicksilver (7)
Scrolls
 j - 4 scrolls of blinking
 o - 4 scrolls of amnesia
 p - 7 scrolls of fog
 q - 2 scrolls of fear
 r - 5 scrolls of identify
Potions
 b - 2 potions of brilliance
 d - 6 potions of might
 e - 10 potions of curing
 f - 9 potions of heal wounds
 g - 6 potions of haste
 h - 7 potions of magic
 i - 2 potions of berserk rage
 l - 2 potions of invisibility
 m - 4 potions of resistance


   Skills:
 + Level 10.1 Fighting
 * Level 14.4 Axes
 + Level 9.1 Armour
 + Level 9.3 Shields
 + Level 9.1 Invocations


You had 7 spell levels left.
You didn't know any spells.
Your spell library was empty.

Dungeon Overview and Level Annotations

Branches:
Dungeon (1/1)

Altars:
Ashenzari
Cheibriados
Dithmenos
Elyvilon
Fedhas
Gozag
Hepliaklqana
Kikubaaqudgha
Makhleb
Nemelex Xobeh
Okawaru
Qazlal
Ru
Sif Muna
Trog
Uskayaw
Vehumet
Wu Jian
Xom
Yredelemnul
Zin
The Shining One
Beogh
Jiyva
Lugonu

Annotations:
D 1 transporter


Message History

The air elemental hits you but does no damage.
The air elemental fires a burst of electricity at you.
The stunning burst hits you! You resist.
* * * LOW HITPOINT WARNING * * *
You block the air elemental's attack.
GONNNNG!
The air elemental hits you.
* * * LOW HITPOINT WARNING * * *
The air elemental fires a burst of electricity at you.
The stunning burst hits the air elemental.
The air elemental completely resists.
The stunning burst hits you! You resist.
* * * LOW HITPOINT WARNING * * *
You block the air elemental's attack.
GONNNNG!
You barely miss the air elemental.
The air elemental is lightly damaged.
You closely miss the air elemental. You slice the air elemental!!
You block the air elemental's attack.
PTOANNNG!
You block the air elemental's attack.
BONNNG!
The air elemental fires a burst of electricity at you.
The stunning burst misses the air elemental.
The stunning burst hits you. You resist.
You shrug off the repeated paralysis!
* * * LOW HITPOINT WARNING * * *
You block the air elemental's attack.
PANG!
You slice the air elemental!!
The air elemental is severely damaged.
You slice the air elemental!!
You destroy the air elemental!
Qazlal accepts your kill.
You can now call upon nature to destroy your foes.
You closely miss the air elemental.
The air elemental fires a burst of electricity at you.
The stunning burst hits you. You resist.
You shrug off the repeated paralysis!
* * * LOW HITPOINT WARNING * * *
The air elemental fires a burst of electricity at you.
The stunning burst hits you! You resist.
You die...

▓▓▓▓▓▓▓▓▓▓▓▓▓▓▓▓▓▓▓
▓.8©8.▓.8©8.▓.8©8.▓
▓.}|).▓.[[).▓.....▓
▓..)..▓...=.▓.[.|.▓
▓..E..▓.....▓...†.▓
▓.EE..▓.....▓.....▓
▓..@..▓..)))▓..©..▓
▓..§..▓..©..▓▓▓▓▓▓▓
▓▓▓▓▓▓▓▓▓▓▓▓▓


You could see 3 air elementals.

Vanquished Creatures
  2 two-headed ogres (D)
  An air elemental (D)
  An ogre (D)
  A wolf (D)
  A jackal (D)
6 creatures vanquished.

Notes
Turn   | Place    | Note
-------+----------+-------------------------------------------
     0 | D        | wilfster70 the Hill Orc Fighter began the quest for the
                  | Orb.
     0 | D        | Reached XP level 1. HP: 19/19 MP: 1/1
    15 | D        | Found a blossoming altar of Fedhas.
    15 | D        | Found the +6 Majin-Bo {vamp, MP+6 Int+6}
    15 | D        | Found the +9 heavy crossbow "Sniper" {vorpal, Acc+∞ SInv}
    15 | D        | Found the +10 dark maul {vorpal}
    15 | D        | Found the +15 Maxwell's patent armour {-Cast -Tele rElec
                  | Will+ rCorr}
    15 | D        | Found the +18 shield of the Gong {rElec rN+ Will+ EV-5}
    15 | D        | Found the +14 obsidian axe {vorpal, Mesm Drain Fly SInv}
    15 | D        | Found the +7 great mace "Firestarter" {inner flame, rF++}
    15 | D        | Found the +6 shillelagh "Devastator" {shatter}
    15 | D        | Found the +11 plutonium sword {Contam Stlth-}
    15 | D        | Found the +8 lance "Wyrmbane" {slay drac, rPois rF+ rC+
                  | AC+3}
    15 | D        | Found the +9 sword of Zonguldrok {reap}
    15 | D        | Found the +13 scythe of Curses {drain, Drain}
    15 | D        | Found the +5 sword of Power {vorpal}
    15 | D        | Found the +7 mace of Variability {chain chaos}
    15 | D        | Found the +7 Singing Sword {vorpal, sonic wave}
    15 | D        | Found the +8 storm bow {elec, penet}
    17 | D        | Found a shimmering blue altar of Sif Muna.
    17 | D        | Found a sacrificial altar of Ru.
    17 | D        | Found a bloodstained altar of Trog.
    17 | D        | Found a stormy altar of Qazlal.
    17 | D        | Found an iron altar of Okawaru.
    17 | D        | Found a sparkling altar of Nemelex Xobeh.
    21 | D        | Found a transporter.
    21 | D        | Found an ancient bone altar of Kikubaaqudgha.
    21 | D        | Found a viscous altar of Jiyva.
    21 | D        | Found a corrupted altar of Lugonu.
    21 | D        | Found a hazy altar of Hepliaklqana.
    21 | D        | Found a burning altar of Makhleb.
    21 | D        | Found an opulent altar of Gozag.
    73 | D        | Reached skill level 5 in Fighting
    73 | D        | Reached skill level 6 in Axes
    73 | D        | Reached XP level 2. HP: 29/29 MP: 2/2
    82 | D        | Became a worshipper of Qazlal Stormbringer
    95 | D        | Entered arena 2.
    95 | D        | Noticed a wolf
    95 | D        | Found a transporter.
    99 | D        | Killed a wolf
   100 | D        | Reached skill level 8 in Axes
   100 | D        | Reached skill level 5 in Armour
   100 | D        | Reached skill level 5 in Shields
   100 | D        | Reached XP level 3. HP: 37/37 MP: 2/5
   100 | D        | Reached XP level 4. HP: 44/44 MP: 2/6
   141 | D        | Entered arena 3.
   141 | D        | Noticed a two-headed ogre
   141 | D        | Noticed a two-headed ogre
   141 | D        | Noticed an ogre
   141 | D        | Found a transporter.
   146 | D        | Killed an ogre
   146 | D        | Reached * piety under Qazlal
   147 | D        | Reached skill level 9 in Axes
   147 | D        | Reached XP level 5. HP: 43/52 MP: 6/8
   148 | D        | Killed a two-headed ogre
   149 | D        | Reached skill level 13 in Axes
   149 | D        | Reached XP level 6. HP: 39/63 MP: 6/12
   149 | D        | Reached XP level 7. HP: 44/70 MP: 6/13
   150 | D        | Killed a two-headed ogre
   151 | D        | Reached skill level 10 in Fighting
   151 | D        | Reached skill level 14 in Axes
   151 | D        | Reached XP level 8. HP: 31/79 MP: 6/14
   371 | D        | Entered arena 4.
   371 | D        | Noticed an air elemental
   371 | D        | Noticed an air elemental
   371 | D        | Noticed an air elemental
   371 | D        | Noticed an air elemental
   371 | D        | Found a transporter.
   371 | D        | Paralysed by an air elemental for 1 turns
   374 | D        | Paralysed by an air elemental for 1 turns
   378 | D        | Paralysed by an air elemental for 1 turns
   381 | D        | Killed an air elemental
   381 | D        | Reached ** piety under Qazlal
   381 | D        | HP: 5/118 [air elemental/stunning burst (5)]
   381 | D        | Killed from afar by an air elemental

Illustrated notes

Levels and vault maps discovered:
D:        sprint_v [room_start, room_1, room_2, room_3, room_4, room_5, room_6,
          room_7, room_8, room_9, room_10, room_11, room_12, room_13, room_14,
          room_15, room_16, room_17, room_18, room_19, room_20, room_21,
          room_22, room_23, room_24, room_25, room_26, room_27]

Skill      XL: |  1  2  3  4  5  6  7 |
---------------+----------------------+-----
Fighting       | 5 6 7 9 10 | 10.1
Axes           | 6 8 9 13 14 | 14.4
Armour         | 4 5 6 8 9 |  9.1
Shields        | 4 5 6 8 9 |  9.3
Invocations    | 3 4 8 9 |  9.1

Action                   |  1- 3 |  4- 6 |  7- 9 || total
-------------------------+-------+-------+-------++-------
Melee: Broad axe         |     3 |     5 |     9 ||    17
Evoke: Wand              |       |     2 |       ||     2
  Use: Potion            |     1 |       |     2 ||     3
Armor: Gold dragon scale |     2 |     2 |    22 ||    26
Dodge: Dodged            |       |       |     1 ||     1
Block: Kite shield       |     9 |     8 |    27 ||    44

Table legend: (Time is in decaauts)
 A = Elapsed time spent in this place.
 B = Non-inter-level travel time spent in this place.
 C = Inter-level travel time spent in this place.
 D = Time resting spent in this place.
 E = Time spent auto-exploring this place.
 F = Levels seen in this place.
 G = Mean time per level.
                   A        B        C        D        E       F      G
               +--------+--------+--------+--------+--------+-----+--------+
         Total |    381 |    381 |      0 |    239 |      0 |   1 |  381.0 |
       Dungeon |    381 |    381 |      0 |    239 |      0 |   1 |  381.0 |
               +--------+--------+--------+--------+--------+-----+--------+

Top non-repeatable levels by time:
       D: 381 daAuts
